 Dungeon Crawl Stone Soup version 0.27.0-1-g7a089689b8 (webtiles) character file.

Game seed: 17565815334582372165

556 freelancePsychic the Magician (level 7, -14/51 HPs)
             Began as a Djinni Artificer on Aug 14, 2021.
             Demolished by an ice beast (19 damage)
             ... on level 5 of the Dungeon.
             The game lasted 00:06:38 (6495 turns).

freelancePsychic the Magician (Djinni Artificer)    Turns: 6495, Time: 00:06:39

Health: -14/51     AC:  3    Str: 11    XL:     7   Next: 56%
Gold:   238        EV: 12    Int: 15    God:
                   SH:  0    Dex: 13

rFire    + + .     SeeInvis .   q - +1 short sword (protect)
rCold    x . .     Faith    .   (no shield)
rNeg     . . .     Spirit   .   b - +0 leather armour
rPois    ∞         Reflect  .   (no helmet)
rElec    .         Harm     .   (no cloak)
rCorr    .         Rampage  .   (no gloves)
Will     .....                  (boots unavailable)
Stlth    +.........             (no amulet)
HPRegen  0.17/turn              (no ring)
MPRegen  0.00/turn              (no ring)

@: flying
A: sickness immunity, fire resistance 2, cold vulnerability 1, float, innate
caster, hp casting, extra vitality 1
a: no special abilities


You were on level 5 of the Dungeon.
You visited 2 branches of the dungeon, and saw 6 of its levels.

You collected 238 gold pieces.

Inventory:

Hand Weapons
 a - a +0 club
 q - a +1 short sword of protection (weapon)
Armour
 b - a +0 leather armour (worn)
Wands
 c - a wand of flame (2)
 d - a wand of charming (13)
Scrolls
 i - 3 scrolls of teleportation {unknown}
 k - 2 scrolls of silence {unknown}
 l - a scroll of enchant armour {unknown}
 t - a scroll of noise {unknown}
 u - a scroll of enchant weapon {unknown}
 w - 2 scrolls of identify {unknown}
 x - 3 scrolls of immolation {unknown}
 y - a scroll of magic mapping {unknown}
 A - a scroll of holy word {unknown}
Potions
 f - 2 potions of flight {unknown}
 g - a potion of mutation {unknown}
 h - a potion of cancellation {unknown}
 j - 5 potions of curing {unknown}
 m - a potion of ambrosia {unknown}
 n - a potion of lignification {unknown}
 o - 2 potions of berserk rage {unknown}
 p - 2 potions of haste {unknown}
 r - a potion of degeneration {unknown}
 s - a potion of invisibility {unknown}
 v - 2 potions of attraction {unknown}
 z - a potion of brilliance {unknown}
Miscellaneous
 e - a piece from Xom's chessboard (15/15)


   Skills:
 + Level 3.9 Fighting
 - Level 1.0 Armour
 - Level 4.0 Dodging
 - Level 0.7 Stealth
 * Level 4.1 Spellcasting
 - Level 3.0 Evocations


You had 9 spell levels left.
You knew the following spells:

 Your Spells              Type           Power      Damage    Failure   Level
a - Shock                 Conj/Air       60%        1d6       4%          1
b - Corpse Rot            Necr/Air       N/A        N/A       7%          2
c - Static Discharge      Conj/Air       15%        N/A       7%          2
Your spell library was empty.

Dungeon Overview and Level Annotations

Branches:
Dungeon (5/15)             Temple (1/1) D:5

Altars:
Ashenzari
Dithmenos
Fedhas
Gozag
Kikubaaqudgha
Nemelex Xobeh
Okawaru
Qazlal
Ru
Sif Muna
Trog
Uskayaw
Wu Jian
Xom
Yredelemnul

Shops:
D:4 !


Innate Abilities, Weirdness & Mutations

You are immune to sickness and miasma.
You are immune to poison.
Your flesh is very heat resistant. (rF++)
You are vulnerable to cold. (rC-)
You float through the air rather than walking.
You learn spells naturally, not from books.
Your magical power is your life essence.
You have superior vitality. (+4 HP)


Message History

You don't know that spell.
Casting: Static Discharge (safe; 7% risk of failure)
Confirm with . or Enter, or press ? or * to list all spells.
The ice beast is struck by an arc of lightning.
The ice beast is lightly wounded.
You are struck by an arc of lightning.
The lightning grounds out.
The ice beast hits you. The ice beast freezes you!
You feel a terrible chill!
Casting: Static Discharge (safe; 7% risk of failure)
Confirm with . or Enter, or press ? or * to list all spells.
The ice beast is struck by an arc of lightning.
The ice beast is moderately wounded.
You are struck by an arc of lightning.
The lightning grounds out.
The ice beast closely misses you.
Casting: Static Discharge (safe; 7% risk of failure)
Confirm with . or Enter, or press ? or * to list all spells.
The ice beast is struck by an arc of lightning!
The ice beast is heavily wounded.
You are struck by an arc of lightning.
The lightning grounds out.
The ice beast hits you. The ice beast freezes you!
You feel a terrible chill!
* * * LOW HITPOINT WARNING * * *
Casting: Static Discharge (safe; 7% risk of failure)
Confirm with . or Enter, or press ? or * to list all spells.
The ice beast is struck by an arc of lightning.
The ice beast is severely wounded.
The lightning grounds out.
* * * LOW HITPOINT WARNING * * *
The ice beast closely misses you.
Found a stone staircase leading up.
Casting: Static Discharge (safe; 7% risk of failure)
Confirm with . or Enter, or press ? or * to list all spells.
The ice beast is struck by an arc of lightning.
The ice beast is almost dead.
You are struck by an arc of lightning.
* * * LOW HITPOINT WARNING * * *
The lightning grounds out.
* * * LOW HITPOINT WARNING * * *
The ice beast hits you.
* * * LOW HITPOINT WARNING * * *
The ice beast freezes you!!
You feel a terrible chill!
You die...

...#..##...#..##...
.....#..#.#....?...
....#....#..#.....
.....#....##......
#.....>.....# ####
##..##....#..###....
#..#..#....#........
#...Y.#.#..#........
#..@.#...##.........
#...................
#...................
#...................
#...................
####<..##...##.####....
..###+#############....
...............+.......
................#.......


You could see an ice beast.

Vanquished Creatures
  An ogre (D:4)
  Blork the orc (D:5)
  A scorpion (D:5)
  A water moccasin skeleton (D:4)
  A hound (D:5)
  2 bullfrog skeletons (D:5)
  2 orc wizards
  Natasha (D:3)
  7 adders
  3 worms
  A dart slug (D:2)
  5 orcs
  4 bats
  4 endoplasms
  3 giant cockroaches
  5 hobgoblins
  9 jackals
  A kobold (D:4)
  5 quokkas
  9 ball pythons
  3 frilled lizards
  3 goblins
  5 rats
77 creatures vanquished.

Vanquished Creatures (collateral kills)
  A jackal (D:1)
  A frilled lizard (D:1)
2 creatures vanquished.

Grand Total: 79 creatures vanquished

Notes
Turn   | Place    | Note
-------+----------+-------------------------------------------
     0 | D:1      | freelancePsychic the Djinni Artificer began the quest for
                  | the Orb.
     0 | D:1      | Reached XP level 1. HP: 17/17 MP: 0/0
    55 | D:1      | Found a faded altar of an unknown god.
   297 | D:1      | Reached XP level 2. HP: 18/22 MP: 0/0
   562 | D:1      | Reached skill level 1 in Spellcasting
   923 | D:1      | Reached XP level 3. HP: 15/27 MP: 0/0
   923 | D:1      | Learned a level 1 spell: Shock
  1931 | D:2      | Reached XP level 4. HP: 23/33 MP: 0/0
  3093 | D:3      | Reached XP level 5. HP: 28/38 MP: 0/0
  3093 | D:3      | Learned a level 2 spell: Corpse Rot
  3820 | D:4      | Found Gilohi's Distillery.
  4002 | D:4      | Noticed Natasha
  4297 | D:3      | Killed Natasha
  4298 | D:3      | Reached XP level 6. HP: 31/45 MP: 0/0
  4621 | D:4      | Noticed an ogre
  4633 | D:4      | Killed an ogre
  5125 | D:5      | Entered Level 5 of the Dungeon
  5475 | D:5      | Reached XP level 7. HP: 47/50 MP: 0/0
  5475 | D:5      | Learned a level 2 spell: Static Discharge
  5505 | D:5      | HP: 2/50 [/static electricity (2)]
  5825 | D:5      | Noticed Blork the orc
  5829 | D:5      | Killed Blork the orc
  6248 | D:5      | Found a staircase to the Ecumenical Temple.
  6259 | Temple   | Entered the Ecumenical Temple
  6495 | D:5      | Demolished by an ice beast

Illustrated notes

Levels and vault maps discovered:
D:1:      dpeg_arrival_orchard, layout_rooms, hellmonk_ecumenical_altar_lost_god
D:2:      layout_loops_ring, kennysheep_nondescript, minmay_liquid_box
D:3:      layout_loops_ring
D:4:      layout_loops_ring, serial_shops, shop_coins, uniq_natasha
D:5:      layout_gridville, mainiacjoe_overflow_boulevard,
          minmay_temple_entry_mini_moons, serial_shops, kennysheep_mini,
          serial_rivers, chequers_serial_rivers_large_b,
          chequers_serial_rivers_large_a, chequers_serial_rivers_marsh,
          chequers_serial_rivers_micro_e, chequers_avenue,
          hangedman_abyss_or_decor_stabs, grunt_ministairs_14,
          minmay_a_box_with_orc_wizards_in_it, uniq_blork_the_orc
Temple:   dpeg_chambers_temple

Skill      XL: |  1  2  3  4  5  6  7 |
---------------+----------------------+-----
Spellcasting   | 1 2 3 4 |  4.1
Fighting       | 2 3 |  3.9
Dodging        | 3 4 |  4.0
Armour         | |  1.0
Stealth        | |  0.7
Evocations     | |  3.0

Action                   |  1- 3 |  4- 6 |  7- 9 || total
-------------------------+-------+-------+-------++-------
Melee: Club              |    54 |       |       ||    54
       Short sword       |    23 |   194 |    17 ||   234
 Cast: Shock             |    23 |    38 |       ||    61
       Static Discharge  |       |       |    16 ||    16
Evoke: Wand              |    12 |     3 |       ||    15
Armor: Leather armour    |    31 |    58 |    11 ||   100
Dodge: Dodged            |    98 |   126 |    19 ||   243
